 Dungeon Crawl Stone Soup version 0.27-a0-887-gcab673c142 (webtiles) character file.

Game seed: 1313809253145505840

13153 Schnaeble the Fencer (level 11, -10/99 (101) HPs)
             Began as a Minotaur Monk on Apr 4, 2021.
             Was a High Priest of Hepliaklqana.
             Mangled by a wyvern (11 damage)
             ... on level 3 of the Lair of Beasts.
             The game lasted 00:21:32 (12887 turns).

Schnaeble the Fencer (Minotaur Monk)               Turns: 12887, Time: 00:21:32

HP:   -10/99 (101)  AC: 10    Str: 17    XL:     11   Next: 71%
MP:   0/10          EV: 12    Int:  7    God:    Hepliaklqana [*****.]
Gold: 515           SH:  0    Dex: 15    Spells: 10/10 levels left

rFire    + . .     SeeInvis .   e - +1 great sword
rCold    . . .     Faith    .   (shield currently unavailable)
rNeg     . . .     Spirit   +   p - +2 ring mail {rF+}
rPois    .         Reflect  .   (helmet restricted)
rElec    .         Harm     .   q - +1 cloak
rCorr    +         Rampage  .   (no gloves)
Will     .....                  h - +0 pair of boots
Stlth    +.........             s - amulet of guardian spirit
HPRegen  0.26/turn              y - ring of resist corrosion
MPRegen  0.12/turn              (no ring)

@: lightly drained
A: reduced essence, horns 2, retaliatory headbutt
a: Renounce Religion, Recall Ancestor, Ancestor Identity, Transference, Idealise


You were on level 3 of the Lair of Beasts.
You worshipped Hepliaklqana.
Hepliaklqana was extremely pleased with you.
You visited 2 branches of the dungeon, and saw 13 of its levels.

You collected 515 gold pieces.

Inventory:

Hand Weapons
 a - a +0 falchion
 e - a +1 great sword (weapon)
 x - a +0 scimitar of flaming
Missiles
 k - a throwing net (quivered)
 v - 2 silver boomerangs
Armour
 h - a +0 pair of boots (worn)
 p - a +2 ring mail of fire resistance (worn)
 q - a +1 cloak (worn)
 D - a +0 scale mail
 F - the +1 ring mail of the Invisible Hand {Drain Regen+ rCorr}
   (You found it on level 8 of the Dungeon)

   It increases your rate of health regeneration.
   It protects you from acid and corrosion.
   It drains your maximum health when unequipped.
Jewellery
 s - an amulet of guardian spirit (around neck)
 y - a ring of resist corrosion (left hand)
Wands
 b - a wand of iceblast (19)
 w - a wand of paralysis (7)
 G - a wand of charming (5)
Scrolls
 c - 2 scrolls of torment
 d - 3 scrolls of enchant weapon
 g - 10 scrolls of identify
 i - a scroll of magic mapping {unknown}
 t - 2 scrolls of amnesia
 u - 4 scrolls of noise
 A - 2 scrolls of teleportation {unknown}
 C - 2 scrolls of vulnerability {unknown}
 E - a scroll of fog
 H - a scroll of fear
 I - 2 scrolls of holy word {unknown}
Potions
 f - 3 potions of curing
 j - 2 potions of attraction {unknown}
 l - a potion of brilliance {unknown}
 n - a potion of flight {unknown}
 o - a potion of might
 r - a potion of magic {unknown}
 z - a potion of cancellation {unknown}
 B - 2 potions of heal wounds {unknown}
Miscellaneous
 m - a box of beasts


   Skills:
 + Level 15.5 Fighting
 + Level 15.5 Long Blades
 - Level 3.2 Dodging
 - Level 1.5 Stealth


You had 10 spell levels left.
You didn't know any spells.
Your spell library contained the following spells:

 Spells                   Type           Power      Damage    Failure   Level
 Confusing Touch          Hex            0%         N/A       95%         3
 Gell's Gravitas          Tloc           0%         N/A       95%         3
 Petrify                  Tmut/Erth      0%         N/A       100%        4
 Metabolic Englaciation   Hex/Ice        0%         N/A       100%        5
 Yara's Violent Unravell  Hex/Tmut       0%         3d3       100%        5


Dungeon Overview and Level Annotations

Branches:
Dungeon (9/15)             Temple (0/1) D:5            Lair (4/6) D:8
  Snake (0/4) Lair:4
  Swamp: Lair:2-4    Shoals: Lair:2-4       Orc: D:9-12

Altars:
Hepliaklqana
Uskayaw

Annotations:
D:3 3 runed translucent doors, Lobster4's ghost, amateur GnWn; The0Endless's ghost, amateur TrBe; bilbop's ghost, amateur GnWn
Lair:1 2 transporters, 12572944's ghost, journeyman TrFi


Innate Abilities, Weirdness & Mutations

Your life essence is reduced to manifest your ancestor. (-10% HP)
You have a pair of horns on your head.
You reflexively headbutt those who attack you in melee.


Message History

You hit the yak but do no damage. You headbutt the yak!
You kill the yak!
No target in view!
Things that are here:
a yak corpse; a yak corpse; a yak corpse
d - 3 scrolls of enchant weapon (gained 1)
Found a box of beasts.
j - 2 fuming black potions (gained 1)
A boulder beetle comes into view.
The boulder beetle leaps!
Found 19 gold pieces.
You see here a box of beasts.
m - a box of beasts A wyvern comes into view.
The wyvern moves out of view.
A komodo dragon and a cane toad come into view.
The cane toad gives a loud, deep croak!
Found a ring mail.
Found a stone staircase leading up.
The komodo dragon hisses angrily.
The wyvern bites you but does no damage.
A bullfrog comes into view.
The komodo dragon bites you!! The wyvern bites you!
The bullfrog croaks.
The cane toad stings you but does no damage.
The komodo dragon closely misses you.
You riposte.
You slash the komodo dragon!
The komodo dragon is moderately wounded.
The wyvern bites you. The cane toad stings you!
You hit the cane toad.
The cane toad is lightly wounded.
The wyvern closely misses you. The komodo dragon bites you!!
* * * LOW HITPOINT WARNING * * *
The cane toad stings you!
* * * LOW HITPOINT WARNING * * *
The wyvern closely misses you.
You hit the cane toad but do no damage.
The cane toad is lightly wounded.
The komodo dragon bites you!
* * * LOW HITPOINT WARNING * * *
The wyvern bites you!
You die...

#...........
.#.......^..##
........[...P#
.............#
...........PP#
...........PP#
............##
.....FF@l....#
##.####l....## ## ####..#
..## #..##$..# ##........
.. # ### #.........
....#.#####.#####........
.....°...................
#...P##..#.#.............


You could see a komodo dragon, a cane toad, a wyvern and a bullfrog.

Vanquished Creatures
  Erica (D:9)
  A hydra (Lair:2)
  The ghost of bilbop the Quickloader, a novice MiHu of Fedhas (D:8)
  Nergalle (Lair:2)
  A cyclops (D:8)
  A black mamba (Lair:1)
  3 cane toads
  2 komodo dragons (Lair:1)
  A rime drake (Lair:1)
  A polar bear (Lair:2)
  12 yaks
  A wyvern (Lair:1)
  A basilisk (Lair:1)
  An acid dragon (D:7)
  3 water moccasins
  8 black bears
  An ice beast (D:5)
  3 orc warriors
  A sky beast (D:6)
  8 wolves
  2 necrophages
  2 centaurs (D:8)
  2 ogres (D:6)
  2 bullfrogs
  3 scorpions
  A water moccasin zombie (D:6)
  3 wights (D:9)
  4 killer bees (D:7)
  4 centaur zombies
  A bullfrog zombie (D:6)
  3 hounds (D:4)
  3 jellies
  6 orc priests
  3 iguanas
  9 orc wizards
  A killer bee zombie (D:6)
  5 adders
  4 gnolls (D:2)
  A shadow imp (D:8)
  A white imp (D:5)
  An ufetubus (D:4)
  2 adder skeletons (D:4)
  3 dart slugs
  34 orcs
  2 ball pythons (D:2)
  6 bats
  2 endoplasms
  4 giant cockroaches
  2 goblins (D:1)
  5 hobgoblins
  7 jackals
  4 kobolds
  2 quokkas (D:4)
  A frilled lizard (D:1)
  7 rats
194 creatures vanquished.

Vanquished Creatures (collateral kills)
  4 yaks
  A wyvern (Lair:1)
  A water moccasin (D:6)
  A sky beast (D:7)
  2 wolves (Lair:2)
  A killer bee (D:7)
  A hound (D:6)
  A centaur skeleton (D:7)
  A bullfrog skeleton (D:5)
  5 orc wizards
  An iguana (D:5)
  A killer bee zombie (D:6)
  A gnoll (D:8)
  An ufetubus (D:6)
  9 orcs
  An endoplasm (D:3)
  3 jackals
35 creatures vanquished.

Vanquished Creatures (others)
  7 hexers
  8 fungi
  11 plants
  4 withered plants (D:3)
30 creatures vanquished.

Grand Total: 259 creatures vanquished

Notes
Turn   | Place    | Note
-------+----------+-------------------------------------------
     0 | D:1      | Schnaeble the Minotaur Monk began the quest for the Orb.
     0 | D:1      | Reached XP level 1. HP: 19/19 MP: 0/0
   533 | D:1      | Reached XP level 2. HP: 25/27 MP: 1/1
  1192 | D:2      | Found a faded altar of an unknown god.
  1196 | D:2      | You fall into a shaft and drop 1 floor!
  1309 | D:2      | Reached XP level 3. HP: 34/34 MP: 2/2
  1605 | D:2      | Became a worshipper of Hepliaklqana the Forgotten
  1605 | D:2      | Reached * piety under Hepliaklqana
  1605 | D:2      | Reached ** piety under Hepliaklqana
  1752 | D:2      | Reached XP level 4. HP: 36/36 MP: 3/3
  1856 | D:2      | Reached *** piety under Hepliaklqana
  2245 | D:3      | Remembered your ancestor Qinisela as a hexer
  2272 | D:3      | Reached skill level 5 in Fighting
  2406 | D:3      | Reached skill level 5 in Long Blades
  2449 | D:3      | Reached XP level 5. HP: 29/44 MP: 4/4
  2638 | D:3      | Found a hide-covered altar of Uskayaw.
  2803 | D:3      | Found a runed translucent gate.
  2803 | D:3      | Found a runed translucent gate.
  2803 | D:3      | Found a runed translucent gate.
  2804 | D:3      | Noticed The0Endless's ghost (amateur TrBe)
  2805 | D:3      | Noticed Lobster4's ghost (amateur GnWn)
  2805 | D:3      | Noticed bilbop's ghost (amateur GnWn)
  3354 | D:4      | Reached XP level 6. HP: 52/52 MP: 5/5
  3864 | D:4      | Reached **** piety under Hepliaklqana
  4123 | D:5      | Entered Level 5 of the Dungeon
  4339 | D:5      | Reached XP level 7. HP: 52/59 MP: 6/6
  4686 | D:5      | Found a staircase to the Ecumenical Temple.
  5119 | D:6      | Reached ***** piety under Hepliaklqana
  5227 | D:6      | Reached XP level 8. HP: 67/67 MP: 7/7
  5853 | D:6      | Reached skill level 10 in Fighting
  5997 | D:6      | Reached skill level 10 in Long Blades
  6780 | D:7      | Reached XP level 9. HP: 75/77 MP: 8/8
  6945 | D:8      | Found a staircase to the Lair.
  7090 | D:8      | Noticed a cyclops
  7109 | D:8      | Killed a cyclops
  7235 | D:8      | Found a runed translucent door.
  7237 | D:8      | Noticed bilbop's ghost (novice MiHu)
  7250 | D:8      | Killed bilbop's ghost
  7256 | D:8      | Identified the +1 ring mail of the Invisible Hand {Drain
                  | Regen+ rCorr}
  7846 | Lair:1   | Entered Level 1 of the Lair of Beasts
  7846 | Lair:1   | Noticed a komodo dragon
  7985 | D:7      | Reached XP level 10. HP: 61/89 MP: 7/9
  9527 | D:9      | Noticed Erica
  9544 | D:9      | Killed Erica
 10170 | Lair:1   | Noticed a cane toad
 10179 | Lair:1   | Killed a cane toad
 10269 | Lair:1   | Reached XP level 11. HP: 66/99 MP: 5/10
 10855 | Lair:1   | Noticed 12572944's ghost (journeyman TrFi)
 10875 | Lair:1   | Found a transporter.
 10878 | Lair:1   | Found a transporter.
 11846 | Lair:2   | Noticed a four-headed hydra
 11861 | Lair:2   | Killed a one-headed hydra
 11862 | Lair:2   | Reached skill level 15 in Fighting
 11862 | Lair:2   | Reached skill level 15 in Long Blades
 12342 | Lair:2   | Noticed Nergalle
 12401 | Lair:2   | Killed Nergalle
 12414 | Lair:2   | You fall into a shaft and drop 2 floors!
 12414 | Lair:4   | Found a staircase to the Snake Pit.
 12866 | Lair:3   | Noticed a boulder beetle
 12887 | Lair:3   | HP: 1/99 [komodo dragon (16)]
 12887 | Lair:3   | Mangled by a wyvern

Illustrated notes

Levels and vault maps discovered:
D:1:      minmay_arrival_wavy_path, layout_loops_ring
D:2:      layout_basic, basic_ecumenical_altar
D:3:      cheibrodos_old_hovel, layout_basic, eat_drink_and_be_merry_uskayaw,
          gammafunk_ghost_cemetery
D:4:      layout_basic, serial_corexii_hall, corexii_hall_statues_l,
          corexii_hall_statues_x
D:5:      layout_gridville, temple_fountains
D:6:      layout_basic, chequers_serial_rivers_micro_e,
          eino_small_chamber_without_monster
D:7:      layout_loops_ring
D:8:      layout_basic, lair_entry_dummy, ebering_ghost_reflecting_pool
D:9:      layout_loops_corners, serial_bayou_crossing, uniq_erica
Lair:1:   layout_gridlike, gammafunk_ghost_arena
Lair:2:   layout_cave_pods, palyth_hydra_swamp_entry,
          portal_ice_cave_entry_pillars_2, beast_lair_carwin_10,
          minmay_lair_oklob_chamber, lemuel_fruit_fields, grunt_megastairs_5,
          uniq_nergalle
Lair:3:   statuecave_lemuel, layout_chaotic_city, grunt_megastairs_1,
          infiniplex_staircase_pool_2
Lair:4:   layout_misc_corridors, guppyfry_snake_entry_island

Skill      XL: |  1  2  3  4  5  6  7  8  9 10 11 |
---------------+----------------------------------+-----
Fighting       | 4 5 6 7 8 10 12 14 15 | 15.5
Long Blades    | 4 5 6 7 8 10 12 14 15 | 15.5
Dodging        | |  3.2
Stealth        | |  1.5

Action                   |  1- 3 |  4- 6 |  7- 9 | 10-12 || total
-------------------------+-------+-------+-------+-------++-------
Melee: Falchion          |    13 |       |       |       ||    13
       Headbutt          |    10 |    17 |    33 |    69 ||   129
       Great sword       |    37 |    87 |   163 |   219 ||   506
       Scimitar          |       |       |       |     7 ||     7
Invok: Ancestor Life: He |       |     1 |       |       ||     1
       Idealise          |       |       |       |     1 ||     1
  Use: Scroll            |       |       |     6 |     5 ||    11
       Potion            |       |       |     5 |     6 ||    11
 Stab: Sleeping          |     5 |     1 |       |       ||     6
       Confused          |       |     1 |     3 |     3 ||     7
       Distracted        |       |     1 |     3 |     2 ||     6
       Invisible         |       |       |     3 |       ||     3
Armor: Robe              |    16 |     2 |       |       ||    18
       Leather armour    |       |     4 |       |       ||     4
       Ring mail         |       |    43 |    82 |   106 ||   231
Dodge: Dodged            |    31 |    60 |   108 |   157 ||   356
       Rpst.: Great sword |     7 |    16 |    42 |    44 ||   109
       Scimitar          |       |       |       |     2 ||     2

Table legend: (Time is in decaauts)
 A = Elapsed time spent in this place.
 B = Non-inter-level travel time spent in this place.
 C = Inter-level travel time spent in this place.
 D = Time resting spent in this place.
 E = Time spent auto-exploring this place.
 F = Levels seen in this place.
 G = Mean time per level.
                   A        B        C        D        E       F      G
               +--------+--------+--------+--------+--------+-----+--------+
         Total |  12943 |  12397 |    546 |    510 |  10086 |  13 |  995.6 |
       Dungeon |   9950 |   9454 |    496 |    446 |   7608 |   9 | 1105.6 |
          Lair |   2993 |   2943 |     50 |     64 |   2478 |   4 |  748.2 |
               +--------+--------+--------+--------+--------+-----+--------+

Top non-repeatable levels by time:
     D:7: 1700 daAuts
     D:8: 1695 daAuts
  Lair:1: 1489 daAuts
     D:6: 1347 daAuts
     D:3: 1202 daAuts
     D:1: 1197 daAuts
  Lair:2: 1030 daAuts
     D:2: 919 daAuts
     D:4: 852 daAuts
     D:5: 837 daAuts
  Lair:3: 454 daAuts
     D:9: 199 daAuts
  Lair:4: 18 daAuts
